 Dungeon Crawl Stone Soup version 0.29.1-12-g30fa7ad0bf (webtiles) character file.

Game seed: 641569760881803310

756 javelincjr the Unbeliever (level 7, 0/53 HPs)
             Began as a Gnoll Wanderer on Dec 13, 2022.
             Slain by a jelly (2 damage)
             ... on level 5 of the Dungeon.
             The game lasted 00:17:18 (4928 turns).

javelincjr the Unbeliever (Gnoll Wanderer)          Turns: 4928, Time: 00:17:19

Health: 0/53       AC:  3    Str: 13    XL:     7   Next: 79%
Magic:  0/11       EV: 13    Int: 16    God:
Gold:   103        SH: 10    Dex: 20    Spells: 11/11 levels left

rFire   . . .      SeeInvis .   t - +2 falchion (vamp)
rCold   x . .      Faith    .   g - +0 kite shield
rNeg    . . .      Spirit   .   q - +3 leather armour of Happiness {*Corrode rC- Int+9 Dex+4}
rPois   .          Reflect  .   (no helmet)
rElec   .          Harm     .   (no cloak)
rCorr   .          Rampage  .   m - +0 pair of gloves {infuse}
Will    +....                   (no boots)
Stlth   ++........              (no amulet)
HPRegen 0.17/turn               u - ring of willpower
MPRegen 0.12/turn               (no ring)

@: lethally poisoned (0 -> -8), corroded
A: fangs 1, strong nose, distributed training
a: no special abilities


You were on level 5 of the Dungeon.
You visited 1 branch of the dungeon, and saw 5 of its levels.

You collected 264 gold pieces.
You spent 161 gold pieces at shops.

Inventory:

Hand Weapons
 i - a +0 spear
 p - a +1 dagger of venom
 r - a +1 flail of draining
 t - a +2 vampiric falchion (weapon)
Missiles
 b - 4 throwing nets
 c - 15 poisoned darts (quivered)
Armour
 g - a +0 kite shield (worn)
 m - a +0 pair of gloves of infusion (worn)
 q - the +3 leather armour of Happiness (worn) {*Corrode rC- Int+9 Dex+4}
   (You found it on level 4 of the Dungeon)

   Int:       It affects your intelligence (+9).
   Dex:       It affects your dexterity (+4).
   rC:        It makes you vulnerable to cold.
   *Corrode:  It may corrode you when you take damage.
 s - a +3 leather armour of cold resistance
Jewellery
 u - a ring of willpower (left hand)
Wands
 f - a wand of iceblast (4)
Scrolls
 e - a scroll of blinking
 h - a scroll of enchant weapon {unknown}
 j - a scroll of teleportation {unknown}
 n - 2 scrolls of noise {unknown}
 o - 2 scrolls of fear {unknown}
 v - a scroll of silence {unknown}
 w - a scroll of identify
 x - a scroll of immolation {unknown}
Potions
 a - a potion of magic
 d - 6 potions of curing
 k - 2 potions of mutation {unknown}
 l - a potion of might {unknown}


   Skills:
 + Level 3.9 Fighting
 + Level 2.8 Short Blades
 + Level 2.8 Long Blades
 + Level 2.8 Axes
 + Level 5.4 Maces & Flails
 + Level 2.8 Polearms
 + Level 2.8 Staves
 + Level 2.8 Ranged Weapons
 + Level 5.4 Throwing
 + Level 2.8 Armour
 + Level 5.4 Dodging
 + Level 2.8 Stealth
 + Level 2.8 Shields
 + Level 2.8 Unarmed Combat
 + Level 2.8 Spellcasting
 + Level 2.3 Conjurations
 + Level 2.3 Hexes
 + Level 2.3 Summonings
 + Level 2.3 Necromancy
 + Level 2.3 Translocations
 + Level 2.3 Transmutations
 + Level 2.3 Fire Magic
 + Level 2.3 Ice Magic
 + Level 2.3 Air Magic
 + Level 2.3 Earth Magic
 + Level 2.3 Poison Magic
 + Level 5.6 Invocations
 + Level 3.9 Evocations


You had 11 spell levels left.
You didn't know any spells.
Your spell library contained the following spells:

 Spells                   Type           Power      Damage    Failure   Level
 Dazzling Flash           Conj/Hex       18%        N/A       65%         3
 Ozocubu's Armour         Ice            9%         N/A       65%         3
 Hailstorm                Conj/Ice       9%         3d4       96%         4
 Ice Form                 Ice/Tmut       9%         N/A       96%         4
 Agony                    Necr           9%         N/A       100%        5
 Metabolic Englaciation   Hex/Ice        4%         N/A       100%        5
 Silence                  Hex/Air        4%         N/A       100%        5
 Simulacrum               Ice/Necr       4%         N/A       100%        6


Dungeon Overview and Level Annotations

Branches:
Dungeon (5/15)
 Temple: D:4-7

Altars:
Ru
Uskayaw
Yredelemnul

Shops:
D:1 [   D:5 [


Innate Abilities, Weirdness & Mutations

You have very sharp teeth.
Your uncanny sense of smell can sniff out nearby items.
Your experience applies equally to all skills.


Message History

You feel sick.
You feel sick.
You are no longer poisoned.
You now have 103 gold pieces (gained 8).
A jelly comes into view.
You see here a scroll labelled UMOBBE ZUCS.
x - a scroll labelled UMOBBE ZUCS The water moccasin hisses angrily.
The water moccasin bites you!
* * * LOW HITPOINT WARNING * * *
Your corrosive artefact corrodes you!
The jelly quivers.
You hit the water moccasin.
You feel better.
The water moccasin is lightly wounded.
The water moccasin bites you.
* * * LOW HITPOINT WARNING * * *
You block the water moccasin's attack.
You hit the water moccasin.
The water moccasin is moderately wounded.
You block the water moccasin's attack. The water moccasin closely misses you.
You hit the water moccasin.
The water moccasin is moderately wounded.
The water moccasin bites you!
* * * LOW HITPOINT WARNING * * *
The water moccasin bites you.
* * * LOW HITPOINT WARNING * * *
You are lethally poisoned!
The water moccasin poisons you!
You hit the water moccasin.
You feel better.
The water moccasin is heavily wounded.
* * * LOW HITPOINT WARNING * * *
You feel very sick. The water moccasin bites you.
* * * LOW HITPOINT WARNING * * *
You miss the water moccasin.
The water moccasin is heavily wounded.
* * * LOW HITPOINT WARNING * * *
You feel very sick. You block the water moccasin's attack. The jelly hits you.
You die...

....................>.
... #................
... #................
... #................
...#####...#.###......
###........#......#
....#...##.###..###
.##...#.##†# #.S.### ..
....#...##.####.@J.#..#
..###.####...#..##......
.## #.# ###............
.# #.###.....#.##!.....
.# ##.....##.##.# .$...
## ....###......# ....
###.##.# #......# ...
#......# #......# .
#..#######......##


You could see a water moccasin and a jelly.

Vanquished Creatures
  A water moccasin (D:5)
  Edmund (D:4)
  A black bear (D:5)
  An ice beast (D:5)
  2 scorpions
  A hound (D:3)
  5 gnolls
  7 adders
  3 dart slugs
  An orc (D:4)
  8 bats
  7 endoplasms
  5 giant cockroaches
  8 goblins
  6 hobgoblins
  9 jackals
  3 quokkas
  9 ball pythons
  4 frilled lizards
  4 kobolds
  6 rats
92 creatures vanquished.

Notes
Turn   | Place    | Note
-------+----------+-------------------------------------------
     0 | D:1      | javelincjr the Gnoll Wanderer began the quest for the Orb.
     0 | D:1      | javelincjr set off with the following items: a +0 mace, a
                  | +2 leather armour, 10 poisoned darts, a +0 dagger, a scroll
                  | of blinking.
     0 | D:1      | Reached XP level 1. HP: 17/17 MP: 3/3
    76 | D:1      | Reached XP level 2. HP: 16/23 MP: 5/5
   991 | D:1      | Reached XP level 3. HP: 28/28 MP: 6/6
  1269 | D:1      | Found Kesoifie's Armour Emporium.
  1427 | D:2      | Reached skill level 1 in Short Blades
  1427 | D:2      | Reached skill level 1 in Long Blades
  1427 | D:2      | Reached skill level 1 in Axes
  1427 | D:2      | Reached skill level 1 in Polearms
  1427 | D:2      | Reached skill level 1 in Staves
  1427 | D:2      | Reached skill level 1 in Ranged Weapons
  1427 | D:2      | Reached skill level 1 in Armour
  1427 | D:2      | Reached skill level 1 in Stealth
  1427 | D:2      | Reached skill level 1 in Shields
  1427 | D:2      | Reached skill level 1 in Unarmed Combat
  1427 | D:2      | Reached skill level 1 in Spellcasting
  1644 | D:2      | Reached XP level 4. HP: 34/34 MP: 7/7
  2089 | D:2      | Reached skill level 1 in Conjurations
  2089 | D:2      | Reached skill level 1 in Hexes
  2089 | D:2      | Reached skill level 1 in Summonings
  2089 | D:2      | Reached skill level 1 in Necromancy
  2089 | D:2      | Reached skill level 1 in Translocations
  2089 | D:2      | Reached skill level 1 in Transmutations
  2089 | D:2      | Reached skill level 1 in Fire Magic
  2089 | D:2      | Reached skill level 1 in Ice Magic
  2089 | D:2      | Reached skill level 1 in Air Magic
  2089 | D:2      | Reached skill level 1 in Earth Magic
  2089 | D:2      | Reached skill level 1 in Poison Magic
  2787 | D:3      | Found a sacrificial altar of Ru.
  2899 | D:3      | Reached XP level 5. HP: 35/40 MP: 8/8
  3243 | D:3      | Found a faded altar of an unknown god.
  3487 | D:1      | Bought a +0 pair of gloves of infusion for 161 gold pieces
  3599 | D:4      | Identified the +3 leather armour of Happiness {*Corrode rC-
                  | Int+9 Dex+4}
  3674 | D:4      | Found a basalt altar of Yredelemnul.
  3675 | D:4      | Noticed a +0 falchion
  3676 | D:4      | Noticed a +0 spear
  3676 | D:4      | Noticed a +0 short sword
  3677 | D:4      | Noticed a +0 falchion
  3679 | D:4      | Noticed a +0 dagger
  3717 | D:4      | Noticed a +0 spear
  3734 | D:4      | Noticed a +0 short sword
  3746 | D:4      | Noticed Edmund
  3746 | D:4      | Noticed a +0 dagger
  3759 | D:4      | Killed Edmund
  3760 | D:4      | Reached skill level 5 in Maces & Flails
  3760 | D:4      | Reached skill level 5 in Throwing
  3760 | D:4      | Reached skill level 5 in Dodging
  3760 | D:4      | Reached skill level 5 in Invocations
  3760 | D:4      | Reached XP level 6. HP: 24/47 MP: 0/9
  4450 | D:4      | Found a hide-covered altar of Uskayaw.
  4569 | D:5      | Entered Level 5 of the Dungeon
  4569 | D:5      | Found Deamuq's Antique Armour Shop.
  4604 | D:5      | Noticed a black bear
  4861 | D:5      | Reached XP level 7. HP: 31/52 MP: 6/10
  4928 | D:5      | HP: 2/53 [poisoned by a water moccasin]
  4928 | D:5      | Slain by a jelly

Illustrated notes

Levels and vault maps discovered:
D:1:      scummos_arrival_simple_crosswalls, layout_basic, serial_shops, shop
D:2:      layout_basic
D:3:      layout_rooms, nicolae_ru_sacrificial_ziggurat,
          shapermc_ecumenical_altar_petra
D:4:      layout_rooms, mainiacjoe_overflow_concentric_impassable,
          nicolae_uskayaw_en_pointe, uniq_edmund
D:5:      layout_rooms, portal_sewer_entry_e, nicolae_take_the_stairs

Skill      XL: |  1  2  3  4  5  6  7 |
---------------+----------------------+-----
Short Blades   | 1 2 |  2.8
Long Blades    | 1 2 |  2.8
Axes           | 1 2 |  2.8
Polearms       | 1 2 |  2.8
Staves         | 1 2 |  2.8
Ranged Weapons | 1 2 |  2.8
Armour         | 1 2 |  2.8
Stealth        | 1 2 |  2.8
Shields        | 1 2 |  2.8
Unarmed Combat | 1 2 |  2.8
Spellcasting   | 1 2 |  2.8
Conjurations   | 1 2 |  2.3
Hexes          | 1 2 |  2.3
Summonings     | 1 2 |  2.3
Necromancy     | 1 2 |  2.3
Translocations | 1 2 |  2.3
Transmutations | 1 2 |  2.3
Fire Magic     | 1 2 |  2.3
Ice Magic      | 1 2 |  2.3
Air Magic      | 1 2 |  2.3
Earth Magic    | 1 2 |  2.3
Poison Magic   | 1 2 |  2.3
Fighting       | 3 |  3.9
Evocations     | 3 |  3.9
Maces & Flails | 5 |  5.4
Throwing       | 5 |  5.4
Dodging        | 5 |  5.4
Invocations    | 5 |  5.6

Action                   |  1- 3 |  4- 6 |  7- 9 || total
-------------------------+-------+-------+-------++-------
Melee: Mace              |    16 |       |       ||    16
       Spear             |   162 |    38 |       ||   200
       Bite              |    14 |    15 |     3 ||    32
       Dagger            |       |   111 |       ||   111
       Falchion          |       |    21 |    29 ||    50
Throw: Dart              |     1 |       |       ||     1
  Use: Scroll            |       |     3 |       ||     3
 Stab: Sleeping          |     2 |     5 |       ||     7
Armor: Leather armour    |    92 |    33 |     5 ||   130
Dodge: Dodged            |   143 |    87 |    20 ||   250
Block: Kite shield       |    95 |    98 |    16 ||   209
